Map: [ESL] Moondance

Players

Vindicta - Winner!

  • Race: Terran Terran
  • Spawn Location: 6:00

Creature

  • Race: Protoss Protoss
  • Spawn Location: 12:00

Event: DreamHack SC2 Masters 2022 Atlanta (Online)

VOD

Have the link to the VOD?

Description

Time

  • Played on: Oct. 5, 2022, 4:16 p.m.
  • Length: 17:36

All games in this series

Show
View Real Time Build Order
Export as new Build Order

Vindicta Terran - Winner!

Build Orders:  

Get SALT Encoding   

  12  0:00  SCV  
  13  0:12  SCV  
  14  0:17  Supply Depot  
  14  0:24  SCV  
  15  0:39  SCV  
  15  0:40  Barracks  
  16  0:44  Refinery  
  16  0:51  SCV  
  16  0:53  Refinery  
  17  1:03  SCV  
  18  1:15  SCV  
  19  1:27  Reaper, Orbital Command  
  19  1:30  Supply Depot  
  20  1:47  Factory  
  20  1:53  SCV  
  21  2:04  Barracks Reactor  
  21  2:05  SCV  
  22  2:17  SCV  
  23  2:28  Command Center  
  23  2:29  SCV  
  24  2:30  Widow Mine  
  26  2:37  Supply Depot  
  26  2:40  Marine  
  26  2:41  SCV  
  26  2:42  Marine  
  29  2:52  Widow Mine  
  29  2:54  Starport  
  31  2:58  SCV, Marine  
  31  3:02  Marine  
  34  3:10  SCV  
  35  3:13  Widow Mine  
  35  3:16  Marine  
  38  3:20  Marine  
  39  3:39  Viking, Orbital Command, SCV  
  39  3:40  Factory Tech Lab  
  42  3:41  Marine x2  
  44  3:52  SCV  
  44  3:54  Barracks  
  44  3:59  Cyclone  
  44  4:02  Orbital Command  
  47  4:04  SCV  
  47  4:09  Supply Depot  
  48  4:14  Medivac  
  48  4:16  SCV  
  51  4:28  SCV x2, Barracks  
  53  4:37  Engineering Bay  
  53  4:40  SCV, Marine  
  53  4:43  Factory Tech Lab  
  56  4:50  Supply Depot, Starport Reactor  
  56  4:52  SCV, Stimpack  
  56  4:55  Refinery  
  56  4:56  Marine  
  56  4:58  SCV  
  58  5:00  Marine  
  58  5:04  SCV  
  58  5:10  SCV  
  58  5:12  Terran Infantry Weapons Level 1  
  59  5:16  SCV, Marine  
  59  5:20  Factory Reactor  
  61  5:22  SCV  
  61  5:23  Refinery  
  61  5:24  Marauder  
  61  5:25  Supply Depot, Marine  
  61  5:28  SCV, Combat Shield  
  63  5:34  SCV  
  65  5:36  Missile Turret  
  65  5:37  Missile Turret  
  65  5:41  Medivac  
  68  5:43  Medivac  
  68  5:46  Marine  
  68  5:48  Marine  
  69  5:50  SCV x2  
  69  5:54  Supply Depot  
  69  5:56  Marauder  
  69  5:57  Marine  
  73  6:00  Widow Mine  
  73  6:03  Widow Mine  
  78  6:14  Supply Depot  
  78  6:16  Marine  
  80  6:18  Missile Turret  
  80  6:19  Marauder  
  80  6:21  Widow Mine, Marauder  
  80  6:24  SCV  
  80  6:25  Supply Depot  
  86  6:36  Concussive Shells, Widow Mine  
  86  6:38  SCV x2  
  90  6:40  Marauder  
  90  6:42  Supply Depot  
  90  6:47  Widow Mine  
  94  6:57  Command Center, Marauder  
  94  6:59  SCV  
  97  7:04  Supply Depot  
  97  7:06  Terran Infantry Armor Level 1  
  95  7:09  SCV, Widow Mine  
  95  7:14  Widow Mine  
  100  7:19  SCV  
  100  7:21  SCV, Marine  
  103  7:24  Supply Depot  
  103  7:30  Widow Mine  
  103  7:31  Marine  
  103  7:33  Barracks  
  103  7:34  Barracks  
  108  7:38  SCV  
  108  7:42  Medivac x2  
  108  7:43  SCV  
  112  7:51  Marine x2  
  113  7:52  Ghost Academy  
  113  7:54  Widow Mine  
  113  7:56  Widow Mine  
  113  7:57  Missile Turret, Marine  
  119  7:59  Marine  
  118  8:06  SCV  
  118  8:08  Marine  
  118  8:09  Orbital Command  
  118  8:10  SCV, Marine  
  120  8:17  Widow Mine  
  120  8:18  SCV, Widow Mine  
  125  8:20  Marauder  
  125  8:22  Barracks Reactor, Barracks Tech Lab  
  125  8:25  Enhanced Shockwaves  
  127  8:30  Ghost  
  127  8:33  SCV  
  130  8:37  Armory  
  130  8:41  Ghost  
  130  8:43  SCV  
  130  8:46  Ghost  
  134  8:49  Widow Mine  
  134  8:50  SCV  
  137  8:57  Refinery  
  137  8:59  Supply Depot  
  137  9:01  Supply Depot, SCV  
  137  9:02  Missile Turret  
  140  9:07  SCV, Missile Turret  
  141  9:20  Marine  
  141  9:21  SCV, Widow Mine  
  141  9:22  Marine  
  141  9:23  Marine  
  141  9:24  Supply Depot x2  
  152  9:25  Terran Infantry Weapons Level 2  
  152  9:26  Viking  
  152  9:27  Viking  
  152  9:30  Marine  
  154  9:36  Marauder  
  154  9:37  Marine  
  151  9:39  SCV  
  151  9:40  Marine x2  
  151  9:42  Command Center, Marine  
  154  9:50  Supply Depot, Terran Ship Weapons Level 1  
  154  9:52  Supply Depot  
  154  9:53  Marine  
  154  9:56  Viking  
  154  9:59  Marauder  
  159  10:02  Marauder  
  159  10:03  Widow Mine  
  159  10:05  Marine x2  
  165  10:10  Engineering Bay  
  165  10:12  Marauder  
  165  10:13  Marine  
  168  10:24  Viking  
  168  10:26  Viking, Marine x2  
  176  10:29  SCV  
  176  10:30  SCV  
  176  10:31  SCV  
  176  10:34  Marine  
  176  10:35  Marine  
  181  10:42  SCV x2  
  184  10:44  Terran Infantry Armor Level 2  
  184  10:48  SCV  
  181  10:54  Viking, Marauder  
  187  11:09  Planetary Fortress  
  187  11:10  Missile Turret  
  184  11:12  SCV x2  
  184  11:13  SCV  
  184  11:17  Marauder  
  185  11:22  Starport  
  185  11:23  Barracks  
  185  11:24  Barracks, Marauder  
  187  11:25  Fusion Core  
  187  11:28  Refinery  
  187  11:30  Viking  
  177  11:43  Viking  
  177  11:44  Marine x2  
  177  11:45  Marauder  
  181  11:50  Terran Infantry Weapons Level 3  
  181  11:52  Ghost  
  166  11:57  Ghost  
  166  12:00  Starport Reactor  
  166  12:02  Refinery  
  166  12:03  SCV  
  166  12:04  Terran Ship Weapons Level 2  
  166  12:07  Liberator  
  170  12:09  Ghost  
  170  12:12  Liberator, Barracks Tech Lab  
  175  12:16  Advanced Ballistics  
  175  12:19  Barracks Tech Lab  
  175  12:26  Sensor Tower  
  173  12:30  Ghost  
  173  12:31  Ghost  
  173  12:34  Widow Mine x2  
  181  12:37  Marauder  
  181  12:39  Viking  
  181  12:43  Marauder  
  187  12:44  Marauder  
  187  12:50  Liberator  
  192  13:02  Ghost  
  197  13:12  Viking  
  198  13:13  Personal Cloaking  
  198  13:17  Command Center  
  196  13:25  Viking, Missile Turret  
  196  13:26  Viking  
  200  13:27  Missile Turret  
  200  13:29  Missile Turret  
  200  13:44  Terran Infantry Armor Level 3  
  200  13:47  Ghost Academy  
  200  14:03  Command Center  
  200  14:04  Command Center  
  200  14:23  Terran Vehicle And Ship Armor Level 1, Nuke  
  200  14:27  Armory  
  200  14:39  Nuke  
  194  14:48  Liberator x3  
  194  14:50  Liberator  
  197  14:56  Neosteel Armor  
  197  14:58  Refinery  
  197  14:59  Rapid Reignition System  
  197  15:00  Refinery  
  197  15:04  Planetary Fortress  
  197  15:07  Missile Turret  
  197  15:08  Missile Turret  
  197  15:09  Missile Turret  
  192  15:23  Ghost x2  
  192  15:25  Sensor Tower, Ghost  
  198  15:32  Orbital Command x2  
  198  15:48  Missile Turret  
  198  15:52  Missile Turret  
  198  15:55  Nuke  
  198  16:08  Liberator  
  199  16:12  Marine  
  200  16:24  Command Center  
  200  16:39  Marine  
  186  16:40  Liberator, Marauder  
  186  16:42  Liberator, Marauder, Marine  
  186  16:43  Marauder, Marine x2  
  186  16:44  Medivac, Marauder  
  186  16:45  Marine  
  200  16:52  Command Center  
  200  16:53  Medivac  
Show
View Real Time Build Order
Export as new Build Order

Creature Protoss 

Build Orders: 1 Gate Expand, Phoenix Opening 

Get SALT Encoding   

  12  0:00  Probe  
  13  0:12  Probe  
  14  0:18  Pylon  
  14  0:24  Probe  
  15  0:37  Probe (Chrono Boost), Gateway  
  16  0:47  Probe (Chrono Boost), Assimilator  
  17  0:51  Probe (Chrono Boost)  
  18  1:03  Probe  
  19  1:15  Probe  
  20  1:23  Nexus  
  20  1:33  Cybernetics Core  
  20  1:37  Probe  
  21  1:40  Assimilator  
  21  1:48  Pylon  
  21  1:51  Probe  
  22  2:01  Probe  
  22  2:06  Adept (Chrono Boost)  
  23  2:09  Probe  
  26  2:16  Stargate  
  26  2:17  Probe  
  27  2:25  Warp Gate  
  27  2:29  Adept  
  29  2:31  Probe  
  29  2:36  Probe (Chrono Boost)  
  32  2:48  Probe (Chrono Boost)  
  32  2:49  Probe (Chrono Boost)  
  32  2:51  Shield Battery  
  33  2:55  Probe (Chrono Boost)  
  33  2:57  Probe (Chrono Boost)  
  35  3:00  Phoenix (Chrono Boost)  
  37  3:08  Adept, Probe  
  37  3:10  Probe  
  41  3:17  Pylon  
  41  3:21  Probe  
  41  3:23  Phoenix (Chrono Boost)  
  41  3:26  Probe  
  45  3:34  Gateway  
  45  3:36  Probe  
  45  3:38  Probe  
  47  3:44  Phoenix (Chrono Boost)  
  49  3:48  Probe  
  49  3:54  Twilight Council  
  50  3:56  Probe  
  50  3:58  Pylon  
  51  4:05  Gateway  
  51  4:09  Phoenix (Chrono Boost)  
  53  4:10  Probe  
  53  4:16  Probe  
  55  4:17  Pylon  
  55  4:22  Probe  
  56  4:25  Stalker  
  59  4:31  Probe, Assimilator  
  59  4:36  Charge (Chrono Boost)  
  59  4:42  Nexus  
  59  4:46  Pylon  
  59  4:47  Probe x2  
  59  4:51  Assimilator  
  61  4:56  Stalker  
  61  4:57  Zealot  
  65  5:05  Zealot  
  67  5:09  Phoenix  
  67  5:10  Probe  
  70  5:16  Probe  
  71  5:23  Probe, Pylon  
  72  5:28  Probe  
  72  5:30  Forge  
  72  5:31  Robotics Facility  
  72  5:35  Probe  
  74  5:37  Pylon  
  74  5:38  Phoenix  
  74  5:40  Probe  
  77  5:48  Probe (Chrono Boost)  
  78  5:53  Probe (Chrono Boost), Gateway  
  78  5:55  Gateway  
  78  5:56  Gateway, Probe (Chrono Boost)  
  80  6:02  Sentry  
  80  6:03  Protoss Ground Weapons Level 1 (Chrono Boost)  
  84  6:04  Probe (Chrono Boost)  
  84  6:05  Probe (Chrono Boost)  
  84  6:06  Probe (Chrono Boost)  
  84  6:07  Phoenix  
  84  6:10  Probe (Chrono Boost)  
  88  6:11  Probe (Chrono Boost)  
  88  6:15  Assimilator  
  88  6:16  Pylon  
  89  6:20  Observer (Chrono Boost), Robotics Bay  
  90  6:26  Gateway  
  90  6:27  Gateway  
  90  6:29  Probe  
  90  6:32  Zealot  
  93  6:33  Probe  
  93  6:35  Probe  
  95  6:42  Zealot x2  
  99  6:48  Nexus  
  99  6:49  Pylon  
  99  6:53  Probe  
  100  6:58  Zealot x3  
  100  7:00  Zealot  
  108  7:07  Zealot x2  
  112  7:11  Shield Battery  
  112  7:19  Colossus (Chrono Boost)  
  112  7:20  Probe  
  119  7:24  Templar Archives  
  119  7:31  Photon Cannon, Stalker x2  
  119  7:35  Blink, Pylon  
  119  7:36  Probe  
  124  7:44  Probe  
  124  7:49  Pylon  
  125  7:53  Probe x2  
  125  7:54  Pylon  
  127  7:59  Pylon  
  127  8:02  High Templar x4  
  127  8:03  Zealot x4  
  143  8:07  Archon x2  
  143  8:11  Probe, Protoss Ground Weapons Level 2 (Chrono Boost)  
  144  8:14  Colossus (Chrono Boost)  
  144  8:17  Gateway  
  144  8:19  Gateway  
  149  8:27  Probe  
  149  8:29  Robotics Facility, Probe  
  149  8:30  Probe x2  
  149  8:31  Assimilator  
  149  8:32  Assimilator  
  153  8:41  Stalker x3  
  153  8:42  Zealot x2  
  153  8:46  Pylon  
  163  8:49  Colossus (Chrono Boost)  
  163  9:02  Nexus  
  167  9:17  Forge  
  167  9:19  Fleet Beacon  
  167  9:26  Probe  
  168  9:33  Shield Battery  
  168  9:35  Photon Cannon  
  168  9:37  Disruptor (Chrono Boost), Observer (Chrono Boost)  
  161  9:38  Stalker x6  
  161  9:40  Pylon  
  172  9:46  Protoss Ground Armor Level 1 (Chrono Boost)  
  172  9:51  Observer (Chrono Boost)  
  172  10:01  Mothership (Chrono Boost)  
  179  10:15  Assimilator  
  179  10:17  Assimilator  
  179  10:19  Zealot x5  
  187  10:23  Protoss Ground Weapons Level 3 (Chrono Boost)  
  187  10:35  Zealot x3  
  183  10:44  Photon Cannon  
  183  10:45  Zealot x3, High Templar x2  
  183  10:47  Shield Battery  
  194  10:50  Archon  
  194  10:55  Gateway  
  194  10:56  Disruptor (Chrono Boost)  
  194  10:57  Gateway  
  194  10:58  Gateway  
  194  11:01  Disruptor (Chrono Boost)  
  197  11:14  Psionic Storm  
  175  11:43  Zealot x10  
  193  11:51  Probe  
  193  11:52  Disruptor (Chrono Boost)  
  177  12:01  Disruptor (Chrono Boost)  
  177  12:02  Stalker x3  
  177  12:04  Protoss Ground Armor Level 2 (Chrono Boost)  
  183  12:08  High Templar x3  
  183  12:09  High Templar  
  191  12:17  Nexus  
  191  12:19  Zealot x4  
  199  12:32  Pylon  
  199  12:34  Pylon  
  199  13:04  Probe  
  200  13:06  Protoss Shields Level 1 (Chrono Boost)  
  200  13:10  Stargate  
  200  13:12  Stargate  
  196  13:18  Shield Battery  
  196  13:19  Protoss Air Weapons Level 1 (Chrono Boost)  
  196  13:20  Photon Cannon  
  196  13:22  Photon Cannon  
  196  13:23  Photon Cannon  
  196  13:26  Stargate  
  196  13:36  Dark Shrine  
  194  14:22  Colossus (Chrono Boost)  
  188  14:25  Cybernetics Core  
  188  14:27  Zealot x6, Protoss Ground Armor Level 3 (Chrono Boost)  
  190  14:35  Zealot x4  
  190  14:36  Zealot x5  
  197  14:49  Probe  
  197  14:51  Probe  
  195  15:33  Assimilator x2  
  195  15:36  High Templar  
  195  15:37  High Templar  
  191  15:46  Carrier x2 (Chrono Boost)  
  195  16:03  Probe  
  196  16:08  Nexus  
  194  16:17  Archon x2  
  184  16:23  Zealot x4  
  148  16:43  Zealot x12  
  114  16:56  Tempest (Chrono Boost)  
  114  17:06  Dark Templar x12  
Tags
 
Add a new tag
Caveats
  • Supply blocks, unpowered buildings, or Contaminate may cause inaccurate times.
  • Supply counts are checked every 10 seconds.